 Dungeon Crawl Stone Soup version 0.23.2-40-g277498a (webtiles) character file.

Game seed: 14742821601625708351

3075 zhovat1 the Magician (level 9, -7/52 HPs)
             Began as a Deep Elf Earth Elementalist on Aug 15, 2019.
             Was a Follower of Vehumet.
             Mangled by a queen bee (20 damage)
             ... on level 8 of the Dungeon.
             The game lasted 00:15:32 (9519 turns).

zhovat1 the Magician (Deep Elf Earth Elementalist)  Turns: 9519, Time: 00:15:33

Health: -7/52      AC:  7    Str:  5    XL:     9   Next: 58%
Magic:  6/22       EV: 17    Int: 24    God:    Vehumet [*.....]
Gold:   365        SH:  0    Dex: 15    Spells: 14/23 levels left

rFire    . . .     SeeInvis .   g - +3 falchion (slice)
rCold    . . .     Gourm    .   (no shield)
rNeg     . . .     Faith    .   e - +2 robe {Archmagi}
rPois    .         Spirit   .   c - +2 helmet
rElec    .         Reflect  .   (no cloak)
rCorr    .         Harm     .   (no gloves)
MR       .....                  (no boots)
Stlth    ++........             (no amulet)
HPRegen  0.17/turn              (no ring)
MPRegen  0.18/turn              (no ring)

@: lethally poisoned (-7 -> -42)
A: no striking features
a: Renounce Religion


You were on level 8 of the Dungeon.
You worshipped Vehumet.
Vehumet was aware of your devotion.
You were not hungry.

You visited 2 branches of the dungeon, and saw 9 of its levels.

You collected 435 gold pieces.
You spent 70 gold pieces at shops.

Inventory:

Hand Weapons
 g - a +3 falchion of slicing (weapon)
Missiles
 k - 11 stones (quivered)
Armour
 c - a +2 helmet (worn)
 e - a +2 robe of the Archmagi (worn)
Wands
 h - a wand of enslavement (7)
Scrolls
 i - 3 scrolls of identify
 l - 3 scrolls of remove curse
 m - a scroll of teleportation
 n - 2 scrolls of amnesia
 r - a scroll of magic mapping
 u - a scroll of enchant armour
Potions
 a - a potion of haste
 b - 2 potions of agility
 f - a potion of curing
 j - 2 potions of flight
 p - 2 potions of ambrosia
 t - a potion of magic
Comestibles
 d - 9 rations
 o - 2 chunks of flesh


   Skills:
 + Level 4.5 Fighting
 + Level 7.3 Dodging
 - Level 2.4 Stealth
 + Level 7.9 Spellcasting
 + Level 5.6 Conjurations
   Level 1.1 Transmutations
 + Level 7.0 Earth Magic
 + Level 5.0 Evocations


You had 14 spell levels left.
You knew the following spells:

 Your Spells              Type           Power        Failure   Level  Hunger
a - Sandblast             Erth           ######       1%          1    None
b - Stone Arrow           Conj/Erth      ######       1%          3    None
c - Lee's Rapid Deconstr  Erth           ######....   11%         5    #####..

Your spell library contained the following spells:

 Spells                   Type           Power        Failure   Level  Hunger
 Sting                    Conj/Pois      ####         1%          1    None
 Passwall                 Tmut/Erth      #####...     1%          2    None
 Petrify                  Tmut/Erth      #####...     12%         4    ##.....


Dungeon Overview and Level Annotations

Branches:
Dungeon (8/15)             Temple (1/1) D:5
   Lair: D:8-11

Altars:
Ashenzari
Cheibriados
Dithmenos
Elyvilon
Fedhas
Kikubaaqudgha
Makhleb
Sif Muna
Trog
Uskayaw
Vehumet
Wu Jian
Xom
Zin
The Shining One

Shops:
D:4 [   D:6 ==

Annotations:
D:5 3 runed translucent doors, belikeron's ghost, novice HOFi


Message History

* * * LOW HITPOINT WARNING * * *
You are lethally poisoned!
The queen bee poisons you!
You feel much better.
You feel sick. The queen bee stings you!
* * * LOW HITPOINT WARNING * * *
You are lethally poisoned!
The queen bee poisons you!
Casting: Sandblast (safe; 1% risk of failure)
Confirm with . or Enter, or press ? or * to list all spells.
Aiming: Sandblast (safe; 1% risk of failure)
Press: ? - help, Shift-Dir - straight line, f/p - queen bee
Aim: a queen bee You feel a surge of power!
The blast of sand misses the queen bee.
The blast of sand hits the orc.
The orc is lightly wounded.
k - 11 stones
* * * LOW HITPOINT WARNING * * *
You feel very sick. The queen bee stings you!!
You die...

... .... ### . ... ..#
..##.### #.# .......#
#.# #....######### #.#
#.ooy@.....## ####.##
#..o######..###....[##
##..# ##.##...)....
#..# #........... ...#
##.....<.... ##..#
##..)...... ...#
#....###+# ...# #....#
....# #....#


You could see a queen bee and 3 orcs.

Vanquished Creatures
  A hornet (D:7)
  A hippogriff (D:7)
  Sigmund (D:6)
  2 sky beasts
  An orc warrior (D:6)
  2 phantoms
  4 centaurs
  2 bullfrogs (D:7)
  16 killer bees
  3 howler monkeys
  3 crimson imps
  A jelly (D:5)
  4 orc wizards
  3 iguanas
  Natasha (D:2)
  6 worker ants
  A hound skeleton (D:5)
  Robin (D:3)
  2 worker ant zombies
  3 gnolls (D:4)
  9 adders
  A shadow imp (D:5)
  An ooze (D:1)
  2 worms
  2 dart slugs (D:3)
  8 leopard geckos
  34 orcs
  5 giant cockroaches
  14 hobgoblins
  10 jackals
  2 quokkas
  12 bats
  4 frilled lizards
  12 goblins
  11 kobolds
  A quokka skeleton (D:5)
  6 rats
192 creatures vanquished.

Notes
Turn   | Place    | Note
-------+----------+-------------------------------------------
     0 | D:1      | zhovat1 the Deep Elf Earth Elementalist began the quest for
                  | the Orb.
     0 | D:1      | Reached XP level 1. HP: 10/10 MP: 6/6
   207 | D:1      | Reached XP level 2. HP: 16/16 MP: 5/8
   812 | D:2      | Reached XP level 3. HP: 20/20 MP: 4/9
   815 | D:2      | Reached skill level 1 in Fighting
   855 | D:2      | Learned a level 3 spell: Stone Arrow
   960 | D:2      | Found a faded altar of an unknown god.
  1605 | D:2      | Noticed Natasha
  1621 | D:2      | Killed Natasha
  1621 | D:2      | Reached skill level 1 in Conjurations
  1621 | D:2      | Reached XP level 4. HP: 9/25 MP: 1/11
  2024 | D:3      | Found a blossoming altar of Fedhas.
  2117 | D:3      | Noticed Robin
  2340 | D:3      | Killed Robin
  2454 | D:3      | Reached XP level 5. HP: 19/29 MP: 9/13
  3245 | D:4      | Noticed a phantom
  3516 | D:3      | Killed a phantom
  3516 | D:3      | Reached XP level 6. HP: 12/35 MP: 3/15
  4003 | D:4      | Found Zugon's Antique Armour Shop.
  4034 | D:4      | Bought a glowing robe for 70 gold pieces
  4262 | D:4      | Learned a level 5 spell: Lee's Rapid Deconstruction
  4297 | D:5      | Entered Level 5 of the Dungeon
  4297 | D:5      | Found a runed translucent gate.
  4297 | D:5      | Found a runed translucent gate.
  4297 | D:5      | Found a runed translucent gate.
  4297 | D:5      | Noticed belikeron's ghost (novice HOFi)
  4313 | D:5      | Reached skill level 5 in Spellcasting
  4710 | D:5      | Found a shimmering altar of Xom.
  4725 | D:5      | Reached XP level 7. HP: 40/40 MP: 11/16
  4791 | D:5      | Reached skill level 5 in Earth Magic
  4791 | D:5      | Reached skill level 1 in Evocations
  4935 | D:5      | Reached skill level 5 in Dodging
  5241 | D:5      | Found a staircase to the Ecumenical Temple.
  5258 | Temple   | Entered the Ecumenical Temple
  5391 | Temple   | Became a worshipper of Vehumet
  6409 | D:6      | Noticed Sigmund
  6444 | D:6      | HP: 2/41 [something (7)]
  6448 | D:7      | Noticed a hornet
  6452 | D:7      | Killed a hornet
  6452 | D:7      | Reached XP level 8. HP: 3/46 MP: 8/19
  6734 | D:6      | Killed Sigmund
  7445 | D:6      | Found Jodgha's Jewellery Shoppe.
  7669 | D:6      | Found Giwameg's Jewellery Boutique.
  8371 | D:7      | Reached XP level 9. HP: 8/52 MP: 13/21
  8687 | D:7      | Reached skill level 5 in Conjurations
  8936 | D:7      | Reached * piety under Vehumet
  8936 | D:7      | Offered knowledge of Sting by Vehumet.
  9503 | D:8      | Noticed a queen bee
  9511 | D:8      | Reached skill level 5 in Evocations
  9519 | D:8      | Mangled by a queen bee

Skill      XL: |  1  2  3  4  5  6  7  8  9 |
---------------+----------------------------+-----
Dodging        | 3 4 5 6 7 |  7.3
Fighting       | 1 2 3 4 |  4.5
Conjurations   | 1 2 3 4 5 |  5.6
Earth Magic    | 4 5 6 7 |  7.0
Spellcasting   | 4 5 6 7 |  7.9
Evocations     | 2 4 5 |  5.0
Stealth        | |  2.4
Transmutations | |  1.1

Action                   |  1- 3 |  4- 6 |  7- 9 || total
-------------------------+-------+-------+-------++-------
Melee: Unarmed           |    13 |       |       ||    13
       Club              |    30 |    38 |    10 ||    78
       Falchion          |       |       |     5 ||     5
 Cast: Sandblast         |    51 |   114 |    56 ||   221
       Stone Arrow       |     6 |     1 |    84 ||    91
  Use: Scroll            |     4 |     8 |    15 ||    27
       Potion            |     1 |     2 |     3 ||     6
 Stab: Sleeping          |     2 |     1 |       ||     3
  Eat: Chunk             |     3 |     9 |    12 ||    24
       Ration            |       |       |     1 ||     1
Armor: Robe              |    14 |    29 |    17 ||    60
Dodge: Dodged            |    63 |    73 |    72 ||   208
       Rpst.: Falchion   |       |       |    14 ||    14
